Map: Divergencia EE

Players

killerbee - Winner!

  • Race: Terran Terran
  • Spawn Location: 11:00

alucard - Winner!

  • Race: Protoss Protoss
  • Spawn Location: 11:00

MrFercho

  • Race: Zerg Zerg
  • League: Silver
  • Spawn Location: 5:00

TATORREA

  • Race: Protoss Protoss
  • League: Gold
  • Spawn Location: 5:00

VOD

Have the link to the VOD?

Description

Time

  • Played on: July 17, 2020, 9:31 p.m.
  • Length: 9:23
Show
View Real Time Build Order
Export as new Build Order

killerbee Terran - Winner!

Build Orders:  

Get SALT Encoding   

  12  0:03  SCV  
  13  0:26  Supply Depot  
  13  0:46  SCV  
  14  0:52  Barracks  
  14  0:54  Supply Depot  
  14  0:58  SCV  
  15  1:05  Refinery  
  15  1:10  SCV  
  16  1:22  SCV  
  16  1:24  Barracks  
  17  1:40  SCV  
  17  1:42  Marine  
  19  1:52  SCV  
  20  2:00  Marine  
  21  2:04  SCV  
  22  2:14  Refinery  
  22  2:16  SCV  
  23  2:32  Factory  
  23  2:37  Barracks Reactor  
  23  2:38  Marine  
  23  2:43  Orbital Command  
  24  2:56  Marine  
  25  3:12  SCV  
  26  3:14  Marine  
  26  3:19  Starport  
  27  3:21  Factory Reactor  
  27  3:23  Factory Tech Lab  
  27  3:24  SCV  
  27  3:26  Marine x2  
  30  3:32  Supply Depot, Marine  
  31  3:44  Marine x2  
  33  3:49  Marine  
  33  3:55  Supply Depot  
  34  3:56  Engineering Bay  
  34  3:57  Starport Reactor  
  34  4:01  Siege Tank  
  37  4:10  Marine  
  37  4:11  Marine  
  37  4:15  Barracks Tech Lab  
  39  4:18  Supply Depot  
  39  4:28  Marine x2  
  41  4:33  Siege Tank  
  44  4:48  Sensor Tower  
  44  4:55  Marine x2  
  44  4:56  Marine  
  47  5:05  Siege Tank  
  50  5:28  Marine  
  51  5:29  Marine x2  
  53  5:37  Siege Tank  
  56  5:46  Marine  
  56  5:47  Marine x2  
  59  6:03  Marine  
  60  6:05  Marine x2  
  60  6:10  Siege Tank  
  59  6:21  Marine  
  59  6:22  Marine  
  59  6:23  Marine  
  62  6:39  Marine  
  63  7:05  Marine x3  
  52  7:11  Siege Tank  
  52  7:22  Marine  
  52  7:23  Marine x2  
  52  7:29  Viking  
  57  7:35  Command Center  
  57  7:40  Marine  
  57  7:43  Siege Tank  
  45  7:58  Viking  
  47  7:59  Viking  
  49  8:06  Supply Depot  
  49  8:07  SCV  
  49  8:11  Marine  
  51  8:15  Siege Tank  
  51  8:24  Marine  
  51  8:25  Marine  
  46  8:28  Supply Depot  
  46  8:29  Marine  
  47  8:42  Marine  
  47  8:48  Siege Tank  
  51  8:50  Supply Depot  
  51  8:58  Marine x2  
  51  9:00  Marine  
Show
View Real Time Build Order
Export as new Build Order

alucard Protoss - Winner!

Build Orders:  

Get SALT Encoding   

  1  0:00  Probe  
  13  0:18  Pylon  
  13  0:24  Assimilator  
  13  0:33  Probe  
  14  0:41  Gateway  
  14  0:45  Probe  
  15  0:58  Probe  
  16  1:07  Probe  
  17  1:15  Probe  
  17  1:24  Probe  
  19  1:32  Cybernetics Core  
  19  1:36  Probe  
  19  1:39  Zealot  
  22  1:40  Assimilator  
  22  2:03  Warp Gate  
  22  2:06  Probe  
  23  2:25  Pylon  
  23  2:27  Robotics Facility  
  23  2:33  Twilight Council  
  23  2:43  Stalker, Probe  
  26  3:07  Gateway  
  26  3:09  Gateway  
  26  3:13  Gateway  
  26  3:16  Gateway, Warp Prism  
  26  3:17  Gateway  
  26  3:25  Charge  
  28  4:33  Zealot  
  30  4:48  Pylon  
  30  4:49  Pylon  
  30  4:52  Pylon  
  30  5:07  Zealot  
  30  5:08  Zealot x4  
  30  5:09  Zealot  
  42  5:34  Zealot  
  42  5:35  Zealot x3  
  48  5:36  Zealot x2  
  54  6:49  Pylon  
  46  6:54  Pylon  
  46  6:56  Pylon  
  46  6:59  Pylon  
  28  7:21  Zealot x2  
  28  7:22  Zealot x3  
  38  7:23  Zealot  
  40  7:43  Zealot  
  40  7:44  Zealot x5  
  52  8:06  Zealot x2  
  52  8:07  Zealot x3  
  52  8:08  Zealot  
  58  9:15  Zealot x3  
  58  9:17  Zealot x3  
Show
View Real Time Build Order
Export as new Build Order

MrFercho Zerg 

Build Orders: Hatch First 

Get SALT Encoding   

  12  0:01  Drone  
  13  0:13  Overlord  
  13  0:16  Drone  
  14  0:31  Drone x2  
  16  0:52  Drone  
  16  0:55  Drone  
  18  0:59  Drone  
  19  1:12  Hatchery  
  19  1:13  Extractor  
  19  1:17  Spawning Pool  
  16  1:19  Drone  
  16  1:20  Drone  
  18  1:29  Drone  
  19  1:39  Overlord  
  19  1:51  Drone  
  20  2:11  Drone  
  21  2:15  Queen  
  21  2:19  Drone  
  24  2:24  Drone  
  24  2:27  Metabolic Boost  
  24  2:28  Drone  
  26  2:34  Extractor  
  25  2:37  Queen  
  25  2:38  Drone x2  
  29  2:47  Zergling x4  
  31  2:55  Lair  
  31  3:01  Drone  
  32  3:09  Drone  
  33  3:17  Queen  
  33  3:18  Drone  
  36  3:20  Overlord x3  
  36  3:41  Hatchery, Drone  
  36  3:42  Drone x3  
  36  3:44  Drone  
  40  4:06  Drone x5  
  45  4:12  Drone x2  
  47  4:24  Baneling Nest  
  46  4:26  Drone, Evolution Chamber  
  46  4:27  Drone x3  
  46  4:28  Hydralisk Den, Evolution Chamber  
  47  4:50  Extractor  
  46  4:53  Extractor  
  46  4:54  Drone  
  46  4:55  Drone x2  
  46  4:56  Drone  
  46  4:57  Drone x2  
  51  5:01  Drone  
  51  5:02  Drone x2  
  54  5:08  Centrifical Hooks  
  54  5:11  Zerg Melee Weapons Level 1, Zerg Ground Armor Level 1  
  54  5:19  Zergling x8  
  54  5:21  Overlord x3  
  58  5:30  Spine Crawler  
  58  5:31  Spine Crawler  
  56  5:35  Zergling x2  
  56  5:36  Zergling x2  
  56  5:37  Overlord x3  
  57  5:53  Zergling x12  
  57  5:54  Zergling x4  
  57  5:56  Baneling x4  
  57  5:57  Baneling x2  
  65  6:12  Hydralisk x5  
  65  6:15  Zergling x4  
  77  6:23  Grooved Spines  
  77  6:30  Infestation Pit  
  76  6:34  Drone x5  
  59  7:08  Zergling x4  
  59  7:09  Zergling x28  
  69  7:26  Hatchery  
  69  7:27  Zergling x12  
  74  7:34  Muscular Augments  
  62  7:45  Zergling x2  
  62  7:46  Zergling x16  
  62  7:51  Zergling x4  
  69  8:04  Hive  
  62  8:23  Zergling x12  
  62  8:24  Zergling x10  
  65  8:41  Zergling x2  
  65  8:42  Zergling x16  
  73  9:05  Zergling x2  
  73  9:06  Zergling x22  
Show
View Real Time Build Order
Export as new Build Order

TATORREA Protoss 

Build Orders:  

Get SALT Encoding   

  12  0:01  Probe  
  13  0:13  Probe  
  14  0:25  Pylon, Probe  
  15  0:43  Probe  
  16  0:55  Probe  
  17  0:58  Gateway  
  17  1:01  Gateway  
  17  1:07  Probe  
  18  1:15  Assimilator  
  18  1:20  Probe  
  19  1:25  Pylon  
  19  1:32  Probe  
  20  1:42  Pylon  
  20  1:44  Probe  
  20  1:45  Assimilator  
  21  1:56  Probe  
  22  2:06  Gateway  
  22  2:08  Probe  
  23  2:15  Cybernetics Core  
  23  2:20  Probe  
  24  2:28  Gateway  
  24  2:29  Warp Gate  
  24  2:45  Nexus  
  24  2:53  Pylon  
  24  2:57  Probe  
  25  3:09  Robotics Facility  
  25  3:10  Probe  
  26  3:22  Probe  
  27  3:32  Pylon  
  27  3:34  Probe  
  28  3:47  Probe  
  29  3:50  Twilight Council  
  29  3:56  Immortal  
  29  3:58  Probe  
  29  3:59  Probe  
  31  4:07  Blink  
  35  4:10  Probe  
  35  4:12  Probe  
  37  4:22  Forge, Probe  
  38  4:35  Stalker, Observer  
  38  4:36  Sentry  
  38  4:38  Sentry  
  45  4:40  Zealot  
  45  4:43  Probe  
  45  4:44  Probe  
  49  4:56  Probe x2  
  51  5:00  Assimilator  
  51  5:04  Assimilator  
  51  5:05  Stalker  
  51  5:06  Stalker  
  55  5:07  Zealot  
  57  5:22  Probe x2  
  59  5:33  Warp Prism  
  59  5:34  Probe x2  
  63  5:41  Protoss Ground Weapons Level 1  
  63  6:01  Probe x2  
  65  6:05  Nexus  
  65  6:07  Pylon  
  65  6:08  Charge  
  65  6:09  Pylon  
  51  6:13  Probe x2  
  48  6:25  Probe x2  
  50  6:31  Gateway  
  50  6:34  Gateway  
  50  6:37  Gateway, Probe x2  
  52  6:46  Stalker  
  52  6:47  Stalker x2  
  46  6:56  Probe x2  
  41  7:04  Probe x2  
  42  7:13  Probe  
  44  7:24  Stalker x2  
Tags
 
Add a new tag
Caveats
  • Supply blocks, unpowered buildings, or Contaminate may cause inaccurate times.
  • Supply counts are checked every 10 seconds.